 Dungeon Crawl Stone Soup version 0.28.0-47-ge53b351184 (webtiles) character file.

Game seed: 6016813651796959593

1958 croobank the Covert (level 9, -22/73 HPs)
             Began as a Gnoll Delver on May 3, 2022.
             Was an Initiate of Gozag.
             Annihilated by an orc knight
             ... wielding a +0 war axe
              (26 damage)
             ... in a bailey.
             The game lasted 00:22:41 (6780 turns).

croobank the Covert (Gnoll Delver)                  Turns: 6780, Time: 00:22:42

Health: -22/73     AC:  6    Str: 12    XL:     9   Next: 19%
Magic:  2/15       EV: 14    Int: 13    God:    Gozag
Gold:   504        SH:  0    Dex: 14    Spells: 2/16 levels left

rFire   . . .      SeeInvis .   a - +3 trident (venom)
rCold   + . .      Faith    .   (no shield)
rNeg    . . .      Spirit   .   e - +1 leather armour {rC+}
rPois   +          Reflect  .   u - +0 helmet
rElec   .          Harm     .   p - +0 cloak
rCorr   .          Rampage  .   (no gloves)
Will    .....                   (no boots)
Stlth   ++++......              (no amulet)
HPRegen 0.22/turn               d - ring of poison resistance
MPRegen 0.14/turn               (no ring)

@: hasted, very quick
A: fangs 1, strong nose, distributed training
a: Renounce Religion, Potion Petition, Call Merchant, Bribe Branch


You were in a bailey.
You worshipped Gozag.
Gozag was pleased with you.
You visited 2 branches of the dungeon, and saw 8 of its levels.
You also visited: Bailey.

You collected 584 gold pieces.
You paid 80 gold pieces to Gozag.

Inventory:

Hand Weapons
 a - a +3 trident of venom (weapon)
 b - a +0 hunting sling
 r - a +0 spear
 t - a +2 hand axe of electrocution
Missiles
 o - 206 stones
 q - 45 arrows
 A - 6 poisoned darts
 B - 3 curare-tipped darts (quivered)
Armour
 e - a +1 leather armour of cold resistance (worn)
 i - a +0 ring mail
 p - a +0 cloak (worn)
 u - a +0 helmet (worn)
 K - the +2 robe of Otab {Will++}
   (You found it on level 6 of the Dungeon)

   Will:      It greatly increases your willpower.
Jewellery
 d - a ring of poison resistance (left hand)
 n - an amulet of regeneration
 F - an amulet of magic regeneration
Wands
 g - a wand of digging (8)
 j - a wand of iceblast (8)
 k - a wand of polymorph (7)
 G - a wand of paralysis (8)
 J - a wand of flame (7)
 O - a wand of acid (5)
Scrolls
 h - a scroll of holy word
 x - 4 scrolls of identify {unknown}
 y - a scroll of silence {unknown}
 z - a scroll of torment {unknown}
 E - a scroll of magic mapping
 H - a scroll of amnesia {unknown}
 I - a scroll of summoning {unknown}
 L - a scroll of immolation
 N - a scroll of teleportation {unknown}
Potions
 l - a potion of brilliance {unknown}
 m - 4 potions of curing
 s - 2 potions of attraction {unknown}
 v - a potion of lignification {unknown}
 w - a potion of flight {unknown}
 C - 2 potions of mutation {unknown}
 M - a potion of invisibility {unknown}
 P - 2 potions of degeneration {unknown}


   Skills:
 + Level 7.7 Fighting
 + Level 4.0 Short Blades
 + Level 4.0 Long Blades
 + Level 6.1 Axes
 + Level 4.0 Maces & Flails
 + Level 4.0 Polearms
 + Level 4.0 Staves
 + Level 4.0 Slings
 + Level 4.0 Bows
 + Level 4.0 Crossbows
 + Level 4.0 Throwing
 + Level 4.0 Armour
 + Level 6.1 Dodging
 + Level 10.4 Stealth
 + Level 4.0 Shields
 + Level 4.0 Unarmed Combat
 + Level 4.0 Spellcasting
 + Level 3.3 Conjurations
 + Level 3.3 Hexes
 + Level 3.3 Summonings
 + Level 3.3 Necromancy
 + Level 3.3 Translocations
 + Level 3.3 Transmutations
 + Level 3.3 Fire Magic
 + Level 3.3 Ice Magic
 + Level 3.3 Air Magic
 + Level 3.3 Earth Magic
 + Level 3.3 Poison Magic
 + Level 4.4 Invocations
 + Level 4.0 Evocations


You had 2 spell levels left.
You knew the following spells:

 Your Spells              Type           Power      Damage    Failure   Level
a - Confusing Touch       Hex            11%        N/A       21%         3
b - Tukima's Dance        Hex            11%        N/A       21%         3
c - Fulminant Prism       Conj/Hex       5%         3d7       56%         4
d - Iskenderun's Mystic   Conj/Tloc      11%        2d4       56%         4

Your spell library contained the following spells:

 Spells                   Type           Power      Damage    Failure   Level
 Passage of Golubria      Tloc           11%        N/A       56%         4
 Lee's Rapid Deconstruct  Erth           5%         3d7*      88%         5
 Yara's Violent Unravell  Hex/Tmut       5%         3d4       88%         5
 Enfeeble                 Hex            5%         N/A       100%        7


Dungeon Overview and Level Annotations

Branches:
Dungeon (7/15)             Temple (1/1) D:5          Bailey (1/1)

Altars:
Dithmenos
Fedhas
Gozag
Okawaru
Uskayaw
Yredelemnul


Innate Abilities, Weirdness & Mutations

You have very sharp teeth.
Your uncanny sense of smell can sniff out nearby items.
Your experience applies equally to all skills.


Message History

The orc knight is heavily wounded.
An electric eel comes into view.
As you read the scroll of fog, it crumbles to dust.
The scroll dissolves into smoke.
The orc knight hits you with a +0 war axe!
You hit the orc knight but do no damage.
The orc knight looks as sick as possible!
The orc knight is heavily wounded.
The orc knight seems less confused.
You closely miss the orc knight.
The orc knight is severely wounded.
The orc knight hits you with a +0 war axe!!
Casting: Tukima's Dance (dangerous; 21% risk of failure)
Confirm with . or Enter, or press ? or * to list all spells.
Your hands begin to glow red.
The orc knight hits you with a +0 war axe!
* * * LOW HITPOINT WARNING * * *
You barely miss the orc knight.
The orc knight is severely wounded.
The orc knight hits you with a +0 war axe!
* * * LOW HITPOINT WARNING * * *
Okay, then.
Throw: 4 darts (curare)
Press: ? - help, Q - select action, (/) - cycle Shift-Dir - straight line, f/p - orc knight
Aim: an orc knight, wielding a +0 war axe and wearing a +0 plate armour (black smoke, severely wounded, extremely poisoned, chance to confuse on hit: 28%, 64% to hit)
You throw a curare-tipped dart.
The curare-tipped dart hits the orc knight.
The orc knight looks as sick as possible!
The orc knight convulses.
The orc knight seems to slow down.
The orc knight is almost dead.
You hit the orc knight but do no damage.
The orc knight appears confused.
The orc knight is almost dead.
You strike the helpless orc knight from behind!
You hit the orc knight but do no damage.
The orc knight is almost dead.
The orc knight hits you with a +0 war axe!!
You die...
Your body crumbles into a pile of gold.

≈≈≈ ≈≈≈≈
≈≈≈ ≈≈≈≈
≈≈ ≈≈≈≈≈
≈≈
####S≈≈
≈##
$+§§§.
..
###§§#
#.
#§o§§#∆∆
∆∆#.
#§@§§#∆∆
∆∆#.
#+#§##
## #§§#
#. #..#
#.
#..#∆∆
#.
#))#∆∆
#. #).#
#. ##'#
#) #..#
#.


You could see an orc knight (confused, extremely poisoned, slow).

Vanquished Creatures
  Pikel (D:4)
  2 water moccasins
  An ice beast (D:6)
  2 orc warriors (Bailey)
  A sky beast (D:5)
  A lemure (D:4)
  A bullfrog (D:6)
  A scorpion (D:5)
  A wyvern skeleton (D:6)
  A water moccasin skeleton (D:4)
  2 jellies (D:6)
  A hound (D:5)
  An orc priest (D:3)
  Jessica (D:2)
  2 iguanas
  Natasha (thrice) (D:3)
  An orc wizard (D:4)
  A howler monkey zombie (D:5)
  Robin (D:3)
  12 gnolls
  10 adders
  3 white imps
  An ufetubus (D:6)
  An adder skeleton (D:2)
  A worm (D:2)
  4 dart slugs
  11 orcs
  7 endoplasms
  6 giant cockroaches
  26 goblins
  12 hobgoblins
  6 jackals
  2 quokkas
  4 ball pythons
  8 bats
  5 frilled lizards
  6 kobolds
  7 rats
157 creatures vanquished.

Vanquished Creatures (collateral kills)
  A goblin (Bailey)
1 creature vanquished.

Vanquished Creatures (others)
  2 dancing weapons (Bailey)
2 creatures vanquished.

Grand Total: 160 creatures vanquished

Notes
Turn   | Place    | Note
-------+----------+-------------------------------------------
     0 | D:5      | Reached skill level 9 in Stealth
     0 | D:5      | croobank the Gnoll Delver began the quest for the Orb.
     0 | D:5      | Reached XP level 1. HP: 23/23 MP: 1/1
     9 | D:5      | Noticed a water moccasin
   209 | D:3      | Reached XP level 2. HP: 29/29 MP: 2/2
   386 | D:2      | Reached XP level 3. HP: 20/35 MP: 3/3
   578 | D:2      | Noticed Jessica
   582 | D:2      | Killed Jessica
   583 | D:2      | Reached skill level 1 in Short Blades
   583 | D:2      | Reached skill level 1 in Long Blades
   583 | D:2      | Reached skill level 1 in Maces & Flails
   583 | D:2      | Reached skill level 1 in Polearms
   583 | D:2      | Reached skill level 1 in Staves
   583 | D:2      | Reached skill level 1 in Slings
   583 | D:2      | Reached skill level 1 in Bows
   583 | D:2      | Reached skill level 1 in Crossbows
   583 | D:2      | Reached skill level 1 in Throwing
   583 | D:2      | Reached skill level 1 in Armour
   583 | D:2      | Reached skill level 1 in Shields
   583 | D:2      | Reached skill level 1 in Unarmed Combat
   583 | D:2      | Reached skill level 1 in Spellcasting
   583 | D:2      | Reached skill level 1 in Invocations
   583 | D:2      | Reached skill level 1 in Evocations
   618 | D:2      | Reached XP level 4. HP: 41/41 MP: 5/5
  1832 | D:2      | Reached skill level 1 in Conjurations
  1832 | D:2      | Reached skill level 1 in Hexes
  1832 | D:2      | Reached skill level 1 in Summonings
  1832 | D:2      | Reached skill level 1 in Necromancy
  1832 | D:2      | Reached skill level 1 in Translocations
  1832 | D:2      | Reached skill level 1 in Transmutations
  1832 | D:2      | Reached skill level 1 in Fire Magic
  1832 | D:2      | Reached skill level 1 in Ice Magic
  1832 | D:2      | Reached skill level 1 in Air Magic
  1832 | D:2      | Reached skill level 1 in Earth Magic
  1832 | D:2      | Reached skill level 1 in Poison Magic
  2235 | D:3      | Noticed Robin
  2245 | D:3      | Reached XP level 5. HP: 9/47 MP: 6/6
  2245 | D:3      | Killed Robin
  2247 | D:3      | HP: 2/47 [adder (3)]
  2539 | D:3      | Noticed Natasha
  2553 | D:3      | Killed Natasha
  2726 | D:3      | Noticed Natasha
  2732 | D:3      | Killed Natasha
  2733 | D:3      | Reached XP level 6. HP: 39/53 MP: 8/8
  2738 | D:3      | Noticed Natasha
  2746 | D:3      | Killed Natasha
  3085 | D:4      | Reached skill level 5 in Axes
  3085 | D:4      | Reached skill level 5 in Dodging
  3785 | D:4      | Noticed Pikel
  3787 | D:4      | Killed Pikel
  3788 | D:4      | Reached skill level 10 in Stealth
  3788 | D:4      | Reached XP level 7. HP: 60/60 MP: 9/11
  3993 | D:4      | Reached XP level 8. HP: 67/67 MP: 12/12
  4537 | D:4      | Learned a level 3 spell: Confusing Touch
  4541 | D:4      | Learned a level 3 spell: Tukima's Dance
  4908 | D:5      | Found a staircase to the Ecumenical Temple.
  5148 | Temple   | Entered the Ecumenical Temple
  5155 | Temple   | Became a worshipper of Gozag Ym Sagoz the Greedy
  5245 | D:6      | Identified the +2 robe of Otab {Will++}
  5809 | D:7      | Reached XP level 9. HP: 68/72 MP: 14/14
  6139 | D:7      | Found a flagged portal.
  6152 | Bailey   | Entered a bailey
  6158 | Bailey   | Learned a level 4 spell: Fulminant Prism
  6163 | Bailey   | Learned a level 4 spell: Iskenderun's Mystic Blast
  6756 | Bailey   | Noticed an orc knight
  6780 | Bailey   | Annihilated by an orc knight

Illustrated notes

Levels and vault maps discovered:
D:1:      dpeg_arrival_fog, layout_loops_ring, hangedman_decor_riveting
D:2:      layout_basic, uniq_jessica
D:3:      layout_rooms, uniq_robin, uniq_natasha
D:4:      layout_loops_corners, nicolae_ossuary_entry_ruins, minmay_box_of_dots,
          uniq_pikel
D:5:      layout_cave_pools, minmay_temple_entry_enclosed_plants
D:6:      layout_cave_pools, minmay_strange_pillars, grunt_ministairs_9
D:7:      minmay_the_grid_octo_tiled_octocenter [minmay_the_grid_octo_chip,
          minmay_the_grid_octo_clover, minmay_the_grid_octo_concentric,
          minmay_the_grid_octo_toaster,
          minmay_the_grid_octo_prize_ultimate_mussel_roller,
          minmay_the_grid_square_5x5_longway, minmay_the_grid_square_5x5_v,
          minmay_the_grid_square_5x5_inset,
          minmay_the_grid_square_5x5_two_walls_b], layout_loops_ring,
          enter_bailey_4, minmay_misc_feat_room, chequers_jeans,
          palyth_stone_intersect
Temple:   compressed_dpeg_circular_temple
Bailey:   bailey_axe_of_yendor_kennysheep, bailey

Skill      XL: |  1  2  3  4  5  6  7  8  9 |
---------------+----------------------------+-----
Stealth        | 10 | 10.4
Short Blades   | 1 2 3 4 |  4.0
Long Blades    | 1 2 3 4 |  4.0
Maces & Flails | 1 2 3 4 |  4.0
Polearms       | 1 2 3 4 |  4.0
Staves         | 1 2 3 4 |  4.0
Slings         | 1 2 3 4 |  4.0
Bows           | 1 2 3 4 |  4.0
Crossbows      | 1 2 3 4 |  4.0
Throwing       | 1 2 3 4 |  4.0
Armour         | 1 2 3 4 |  4.0
Shields        | 1 2 3 4 |  4.0
Unarmed Combat | 1 2 3 4 |  4.0
Spellcasting   | 1 2 3 4 |  4.0
Invocations    | 1 2 3 4 |  4.4
Evocations     | 1 2 3 4 |  4.0
Conjurations   | 1 2 3 |  3.3
Hexes          | 1 2 3 |  3.3
Summonings     | 1 2 3 |  3.3
Necromancy     | 1 2 3 |  3.3
Translocations | 1 2 3 |  3.3
Transmutations | 1 2 3 |  3.3
Fire Magic     | 1 2 3 |  3.3
Ice Magic      | 1 2 3 |  3.3
Air Magic      | 1 2 3 |  3.3
Earth Magic    | 1 2 3 |  3.3
Poison Magic   | 1 2 3 |  3.3
Axes           | 5 6 |  6.1
Dodging        | 5 6 |  6.1
Fighting       | 7 |  7.7

Action                   |  1- 3 |  4- 6 |  7- 9 || total
-------------------------+-------+-------+-------++-------
Melee: Hand axe          |    53 |   100 |       ||   153
       Bite              |     5 |    15 |    26 ||    46
       Punch             |     1 |     2 |     5 ||     8
       Trident           |       |    91 |   204 ||   295
Throw: Dart              |       |     2 |     1 ||     3
       Stone             |       |     1 |       ||     1
 Cast: Confusing Touch   |       |       |     8 ||     8
       Tukima's Dance    |       |       |     5 ||     5
  Use: Scroll            |     2 |     2 |     3 ||     7
       Potion            |       |     3 |     1 ||     4
 Stab: Sleeping          |     7 |    27 |    12 ||    46
       Distracted        |       |     1 |     1 ||     2
       Confused          |       |       |     3 ||     3
Armor: Leather armour    |    13 |    70 |    39 ||   122
Dodge: Dodged            |    38 |   173 |   109 ||   320
